 Dungeon Crawl Stone Soup version 0.27.1-37-g7b29ead8ac (webtiles) character file.

Game seed: 6144249891103520429

383 sahdkjhfkaj the Cutter (level 6, -1/49 HPs)
             Began as a Merfolk Hedge Wizard on Feb 24, 2023.
             Was an Initiate of Ashenzari.
             Slain by a killer bee zombie (5 damage)
             ... on level 5 of the Dungeon.
             The game lasted 00:12:11 (6332 turns).

sahdkjhfkaj the Cutter (Merfolk Hedge Wizard)       Turns: 6332, Time: 00:12:11

Health: -1/49      AC:  2    Str: 13    XL:     6   Next: 76%
Magic:  10/10      EV: 12    Int: 13    God:    Ashenzari [......]
Gold:   239        SH:  0    Dex: 13    Spells: 10/11 levels left

rFire    + . .     SeeInvis +   b - +1 short sword (venom)
rCold    . . .     Faith    .   (no shield)
rNeg     . . .     Spirit   .   o - +0 robe
rPois    .         Reflect  .   c - +0 hat
rElec    .         Harm     .   (no cloak)
rCorr    .         Rampage  .   (no gloves)
Will     .....                  (no boots)
Stlth    +.........             (no amulet)
HPRegen  0.16/turn              i - ring of see invisible
MPRegen  0.12/turn              t - ring of protection from fire

@: confused, ambrosia-drunk
A: (nimble swimmer 2), mertail
a: Renounce Religion


You were on level 5 of the Dungeon.
You worshipped Ashenzari.
Ashenzari was noncommittal.
You visited 2 branches of the dungeon, and saw 6 of its levels.

You collected 239 gold pieces.

Inventory:

Hand Weapons
 a - a +3 dagger of venom
 b - a +1 short sword of venom (weapon)
Armour
 c - a +0 hat (worn)
 o - a +0 robe (worn)
Jewellery
 i - a ring of see invisible (left hand)
 t - a ring of protection from fire (right hand)
Wands
 f - a wand of flame (16)
 s - a wand of polymorph (9)
Scrolls
 g - a scroll of magic mapping
 m - a scroll of enchant armour
 p - a scroll of fear
Potions
 d - 2 potions of heal wounds
 e - a potion of magic
 j - 3 potions of curing
 k - a potion of haste
 l - a potion of mutation
 n - a potion of resistance
 q - a potion of lignification
 u - a potion of brilliance


   Skills:
 + Level 4.7 Fighting
 + Level 5.7 Short Blades
 - Level 2.6 Dodging
 - Level 2.1 Stealth
 - Level 3.0 Spellcasting
 - Level 0.7 Conjurations
 - Level 1.0 Summonings
 - Level 0.7 Translocations


You had 10 spell levels left.
You knew the following spells:

 Your Spells              Type           Power      Damage    Failure   Level
a - Magic Dart            Conj           12%        1d3       17%         1

Your spell library contained the following spells:

 Spells                   Type           Power      Damage    Failure   Level
 Sandblast                Erth           2%         2d4       22%         1
 Call Imp                 Summ           4%         N/A       22%         2
 Blink                    Tloc           N/A        N/A       26%         2
 Slow                     Hex            1%         N/A       34%         2
 Conjure Flame            Conj/Fire      2%         6-21      52%         3
 Mephitic Cloud           Conj/Pois/Air  2%         N/A       54%         3
 Summon Lightning Spire   Summ/Air       3%         N/A       88%         4
 Bolt of Magma            Conj/Fire/Erth 1%         4d4       99%         5
 Malign Gateway           Summ/Tloc      2%         N/A       100%        7


Dungeon Overview and Level Annotations

Branches:
Dungeon (5/15)             Temple (1/1) D:4

Altars:
Ashenzari
Cheibriados
Dithmenos
Elyvilon
Fedhas
Gozag
Hepliaklqana
Kikubaaqudgha
Makhleb
Nemelex Xobeh
Okawaru
Qazlal
Ru
Sif Muna
Trog
Vehumet
Wu Jian
Xom
Yredelemnul
Zin
The Shining One

Shops:
D:1 ?   D:3 :


Innate Abilities, Weirdness & Mutations

((You are quick and stealthy near water. (Stealth+, EV+, Speed+++)))
Your lower body shifts to a powerful aquatic tail in water.


Message History

Unknown command.
Unknown command.
Aiming: Throw Flame
Press: ? - help, Shift-Dir - straight line, f - you, p - centaur That beam is likely to hit you.
Continue anyway?
Okay, then.
Unknown command.
You hit the centaur.
The centaur looks as sick as possible!
The centaur is almost dead.
The centaur hits you.
* * * LOW HITPOINT WARNING * * *
The centaur closely misses you.
Unknown command.
Unknown command.
You hit the centaur.
You kill the centaur!
Unknown command.
Unknown command.
The killer bee zombie closely misses you.
The killer bee zombie hits you.
* * * LOW HITPOINT WARNING * * *
The killer bee zombie closely misses you.
The killer bee zombie hits you.
* * * LOW HITPOINT WARNING * * *
Press: ? - help, v - describe, . - travel
Here: a killer bee zombie The floor.
Unknown command.
Unknown command.
Okay, then.
Unknown command.
Okay, then.
Unknown command.
Unknown command.
Unknown command.
You are confused.
You feel invigorated. The killer bee zombie hits you.
* * * LOW HITPOINT WARNING * * *
The killer bee zombie hits you.
You die...

......##...####...###########
...(..##...####'####.........
.............................
.............................
.............................
.....................<.......
...##.####.####...###...###..
...#### #'####...#####+## #
...# .......@...$....# ...#
...?...Z........# ...#
.............>..# ...#
................# ##.#
#...##..).##.##.# # .# ####
#)#### ## # # ... # ##.? #
#..


You could see a killer bee zombie.

Vanquished Creatures
  A centaur (D:5)
  A centaur skeleton (D:4)
  An orc priest (D:3)
  A hound (D:4)
  An iguana (D:4)
  2 orc wizards (D:5)
  A hound zombie (D:5)
  3 adders
  An adder skeleton (D:4)
  2 dart slugs
  11 orcs
  5 endoplasms
  7 giant cockroaches
  5 goblins
  6 hobgoblins
  5 kobolds
  7 quokkas
  8 ball pythons
  7 bats
  3 frilled lizards
  6 rats
84 creatures vanquished.

Vanquished Creatures (others)
  2 fungi (D:1)
2 creatures vanquished.

Grand Total: 86 creatures vanquished

Notes
Turn   | Place    | Note
-------+----------+-------------------------------------------
     0 | D:1      | sahdkjhfkaj the Merfolk Hedge Wizard began the quest for
                  | the Orb.
     0 | D:1      | Reached XP level 1. HP: 13/13 MP: 4/4
   198 | D:1      | Found Rautuz's Magic Scroll Shop.
   297 | D:1      | Reached skill level 1 in Fighting
   360 | D:1      | Reached skill level 1 in Short Blades
   367 | D:1      | Reached XP level 2. HP: 14/21 MP: 6/6
   564 | D:1      | Reached skill level 2 in Short Blades
  1017 | D:1      | Reached XP level 3. HP: 26/26 MP: 7/7
  1162 | D:2      | Reached skill level 3 in Short Blades
  1958 | D:2      | Found a faded altar of an unknown god.
  2186 | D:3      | Found Oforaoda's Book Boutique.
  2350 | D:3      | Reached XP level 4. HP: 21/35 MP: 8/8
  2654 | D:3      | Found a shadowy altar of Dithmenos.
  3012 | D:3      | Found a blossoming altar of Fedhas.
  3205 | D:4      | Reached skill level 4 in Short Blades
  3241 | D:4      | Reached XP level 5. HP: 17/41 MP: 9/9
  3657 | D:4      | Found a staircase to the Ecumenical Temple.
  3768 | Temple   | Entered the Ecumenical Temple
  4083 | Temple   | Became a worshipper of Ashenzari the Shackled
  4330 | D:4      | Found an ancient bone altar of Kikubaaqudgha.
  4789 | D:5      | Entered Level 5 of the Dungeon
  4876 | D:5      | Identified the Grimoire of Companions and Stones
  4880 | D:5      | Noticed a phantom
  5894 | D:5      | Reached skill level 5 in Short Blades
  5894 | D:5      | Reached XP level 6. HP: 36/48 MP: 10/10
  6332 | D:5      | Slain by a killer bee zombie

Illustrated notes

Levels and vault maps discovered:
D:1:      tarquinn_simple_flora_water_d, layout_loops_cross, serial_shops, shop,
          serial_park_tiny_pond
D:2:      layout_basic, hellmonk_ecumenical_altar_inner_sanctum,
          mrwooster_statue_mirror, minmay_tiny_reverse_x
D:3:      layout_loops_cross, mainiacjoe_overflow_surrounded_room,
          fedhas_altar_1, serial_shops, nicolae_shop_trees
D:4:      layout_loops_corners, mainiacjoe_overflow_concentric_impassable,
          minmay_temple_entry_statues_fountains
D:5:      minmay_recursive_quarters, layout_gridville
Temple:   dpeg_five_rooms_temple

Skill      XL: |  1  2  3  4  5 |
---------------+----------------+-----
Fighting       | 1 3 4 |  4.7
Short Blades   | 1 2 3 4 5 |  5.7
Dodging        | |  2.6
Stealth        | |  2.1
Spellcasting   | |  3.0
Conjurations   | |  0.7
Summonings     | |  1.0
Translocations | |  0.7

Action                   |  1- 3 |  4- 6 || total
-------------------------+-------+-------++-------
Melee: Dagger            |   116 |    79 ||   195
       Short sword       |       |    90 ||    90
 Cast: Magic Dart        |    12 |       ||    12
Evoke: Wand              |       |     3 ||     3
  Use: Scroll            |     3 |     2 ||     5
       Potion            |     1 |     3 ||     4
 Stab: Sleeping          |     7 |     8 ||    15
Armor: Robe              |    26 |    30 ||    56
Dodge: Dodged            |    78 |   107 ||   185
